 Dungeon Crawl Stone Soup version 0.29-a0-962-gc8bbfd0a37 (webtiles) character file.

Game seed: 7908784512926202777

63 XxWeEdMaN420xX the Sneak (level 4, -1/21 HPs)
             Began as a Vine Stalker Hedge Wizard on July 30, 2022.
             Slain by Natasha (6 damage)
             ... on level 3 of the Dungeon.
             The game lasted 00:06:11 (864 turns).

XxWeEdMaN420xX the Sneak (Vine Stalker Hedge Wizard) Turns: 864, Time: 00:06:11

Health: -1/21      AC:  2    Str: 13    XL:     4   Next: 9%
Magic:  0/10       EV: 11    Int: 16    God:
Gold:   86         SH:  3    Dex: 13    Spells: 1/9 levels left

rFire   . . .      SeeInvis +   f - +2 whip (holy)
rCold   . . .      Faith    .   n - +0 buckler
rNeg    . . .      Spirit   +   b - +0 robe
rPois   .          Reflect  .   c - +0 hat
rElec   .          Harm     .   (no cloak)
rCorr   .          Rampage  .   (no gloves)
Will    .....                   (no boots)
Stlth   ++........              (no amulet)
HPRegen 0.87/turn               p - ring of see invisible
MPRegen 0.12/turn               (no ring)

@: slowed, very slow
A: fangs 2, regeneration 1, magic shield, antimagic bite, no potion heal 2
a: no special abilities


You were on level 3 of the Dungeon.
You visited 1 branch of the dungeon, and saw 3 of its levels.

You collected 86 gold pieces.

Inventory:

Hand Weapons
 a - a +0 dagger
 f - a +2 whip of holy wrath (weapon)
Armour
 b - a +0 robe (worn)
 c - a +0 hat (worn)
 n - a +0 buckler (worn)
Jewellery
 j - a ring of ice
 p - a ring of see invisible (left hand)
Scrolls
 g - 4 scrolls of identify {unknown}
 l - a scroll of teleportation {unknown}
 m - a scroll of enchant armour {unknown}
 o - a scroll of blinking {unknown}
Potions
 d - 2 potions of magic
 e - a potion of flight {unknown}
 h - a potion of curing
 i - a potion of cancellation {unknown}
 k - a potion of ambrosia {unknown}


   Skills:
 - Level 2.0 Short Blades
 - Level 1.5 Dodging
 + Level 3.5 Stealth
 + Level 0.2 Shields
 + Level 3.4 Spellcasting
 + Level 1.3 Conjurations
 + Level 1.2 Summonings
 - Level 1.0 Translocations
 + Level 0.7 Poison Magic


You had one spell level left.
You knew the following spells:

 Your Spells              Type           Power      Damage    Failure   Level
a - Magic Dart            Conj           28%        1d4       14%         1
b - Blink                 Tloc           10%        N/A       24%         2
c - Call Imp              Summ           6%         N/A       22%         2
d - Mephitic Cloud        Conj/Pois/Air  4%         N/A       50%         3

Your spell library contained the following spells:

 Spells                   Type           Power      Damage    Failure   Level
 Slow                     Hex            8%         N/A       24%         1
 Conjure Flame            Conj/Fire      4%         6-21      50%         3


Dungeon Overview and Level Annotations

Branches:
Dungeon (3/15)

Altars:

Annotations:
D:3 Natasha


Innate Abilities, Weirdness & Mutations

You have extremely sharp teeth.
Your natural rate of healing is unusually fast.
When hurt, damage is shared between your health and your magic reserves.
Your bite disrupts and absorbs the magic of your enemies.
Potions cannot restore your health.


Message History

p - a ring of see invisible
p - a ring of see invisible (left hand) Natasha, Servant of Life and Death comes into view.
Natasha hisses angrily.
Natasha casts a spell at you. The magic dart hits you.
Natasha stares at you and mumbles some strange words.
The magic dart hits you. Natasha claws you.
You hit Natasha. Your bite misses Natasha.
Natasha is lightly wounded.
Natasha claws you!
You hit Natasha. Your bite misses Natasha.
Natasha is heavily wounded.
Natasha claws you but does no damage. Natasha misses you.
You barely miss Natasha.
Natasha is heavily wounded.
Natasha claws you but does no damage.
You closely miss Natasha.
Natasha is heavily wounded.
Natasha claws you.
Casting: Call Imp (safe; 22% risk of failure)
Confirm with . or Enter, or press ? or * to list all spells.
A beastly little devil appears in a puff of flame.
Natasha claws you.
You barely miss Natasha.
Natasha is heavily wounded.
Natasha claws you!
* * * LOW HITPOINT WARNING * * *
Your crimson imp hits Natasha.
You hit Natasha. Your bite misses Natasha.
Natasha is severely wounded.
Natasha stares at you and mumbles some strange words.
You feel yourself slow down.
Your crimson imp closely misses Natasha.
It was a potion of curing.
That felt strangely inert.
Natasha wildly gestures.
Natasha shimmers violently.
Natasha claws you.
You die...

...#...## ....#
#.# ....# #.#
....###.##########
...#.............#
#..#############.#
#..... #.# ..#####
#.# ### #@# #h#
..5 .#... #.####.
# .# #


You could see Natasha (ally target) and a friendly crimson imp (summoned).

Vanquished Creatures
  An adder (D:3)
  A dart slug (D:1)
  2 bats (D:1)
  4 endoplasms
  2 giant cockroaches (D:1)
  4 goblins
  4 hobgoblins
  5 kobolds
  2 quokkas (D:1)
  5 ball pythons (D:1)
  A frilled lizard (D:1)
  4 rats (D:1)
35 creatures vanquished.

Vanquished Creatures (collateral kills)
  An adder (D:3)
  A bat (D:1)
  A giant cockroach (D:3)
3 creatures vanquished.

Grand Total: 38 creatures vanquished

Notes
Turn   | Place    | Note
-------+----------+-------------------------------------------
     0 | D:1      | XxWeEdMaN420xX the Vine Stalker Hedge Wizard began the
                  | quest for the Orb.
     0 | D:1      | Reached XP level 1. HP: 9/9 MP: 5/5
     3 | D:1      | Noticed a gargoyle
     3 | D:1      | Noticed a vine stalker
     5 | D:1      | Noticed an elf
     5 | D:1      | Noticed a demigod
     7 | D:1      | Noticed a ghoul
     9 | D:1      | Noticed a naga
    11 | D:1      | Noticed a human
    13 | D:1      | Noticed a merfolk
    13 | D:1      | Noticed an ogre
    15 | D:1      | Noticed a troll
    17 | D:1      | Noticed a minotaur
    17 | D:1      | Noticed a vampire
    19 | D:1      | Noticed a dwarf
    21 | D:1      | Noticed a spriggan
    21 | D:1      | Noticed a tengu
    23 | D:1      | Noticed a demonspawn
    23 | D:1      | Noticed a formicid
    25 | D:1      | Noticed an octopode
    25 | D:1      | Noticed a felid
    27 | D:1      | Noticed a draconian
    67 | D:1      | Reached skill level 1 in Short Blades
   140 | D:1      | Reached XP level 2. HP: 8/13 MP: 0/7
   147 | D:1      | Learned a level 2 spell: Blink
   152 | D:1      | Learned a level 2 spell: Call Imp
   318 | D:1      | Reached XP level 3. HP: 14/16 MP: 8/8
   338 | D:1      | Learned a level 3 spell: Mephitic Cloud
   585 | D:1      | Found a faded altar of an unknown god.
   806 | D:3      | Gained mutation: Your natural rate of healing is unusually
                  | fast. [Vine Stalker growth]
   806 | D:3      | Reached XP level 4. HP: 15/21 MP: 7/10
   852 | D:3      | Noticed Natasha
   864 | D:3      | Slain by Natasha

Illustrated notes

Levels and vault maps discovered:
D:1:      kb_arrival_jail, layout_loops_corners,
          shapermc_ecumenical_altar_acropolis, minmay_tall_x
D:2:      layout_basic
D:3:      kennysheep_six_static_rooms, layout_loops_ring,
          nemelex_diamond_rough_becter, serial_shops,
          nicolae_shop_bloodbath_and_beyond, gammafunk_ghost_necromancy,
          uniq_natasha, uniq_terence

Skill      XL: |  1  2  3 |
---------------+----------+-----
Short Blades   | 1 2 |  2.0
Stealth        | 3 |  3.5
Dodging        | |  1.5
Shields        | |  0.2
Spellcasting   | |  3.4
Conjurations   | |  1.3
Summonings     | |  1.2
Translocations | |  1.0
Poison Magic   | |  0.7

Action                   |  1- 3 |  4- 6 || total
-------------------------+-------+-------++-------
Melee: Dagger            |    11 |       ||    11
       Bite              |    16 |       ||    16
       Whip              |    76 |     6 ||    82
       Punch             |     1 |       ||     1
 Cast: Magic Dart        |     9 |       ||     9
       Call Imp          |     5 |     1 ||     6
  Use: Potion            |       |     1 ||     1
 Stab: Sleeping          |     6 |       ||     6
Armor: Robe              |    17 |     2 ||    19
Dodge: Dodged            |    64 |     1 ||    65
Block: Buckler           |     1 |       ||     1

Table legend: (Time is in decaauts)
 A = Elapsed time spent in this place.
 B = Non-inter-level travel time spent in this place.
 C = Inter-level travel time spent in this place.
 D = Time resting spent in this place.
 E = Time spent auto-exploring this place.
 F = Levels seen in this place.
 G = Mean time per level.
                   A        B        C        D        E       F      G
               +--------+--------+--------+--------+--------+-----+--------+
         Total |    871 |    871 |      0 |      0 |     31 |   3 |  290.3 |
       Dungeon |    871 |    871 |      0 |      0 |     31 |   3 |  290.3 |
               +--------+--------+--------+--------+--------+-----+--------+

Top non-repeatable levels by time:
     D:1: 608 daAuts
     D:2: 156 daAuts
     D:3: 107 daAuts
